 Dungeon Crawl Stone Soup version 0.23.2 (webtiles) character file.

Game seed: 7235411551539993216

632 Menchi the Skirmisher (level 7, -18/62 HPs)
             Began as a Ghoul Fighter on Apr 5, 2019.
             Demolished by Menkaure (19 damage)
             ... on level 4 of the Dungeon.
             The game lasted 00:09:25 (2420 turns).

Menchi the Skirmisher (Ghoul Fighter)               Turns: 2420, Time: 00:09:25

Health: -18/62     AC:  9    Str: 21    XL:     7   Next: 49%
Magic:  6/6        EV: 11    Int:  4    God:
Gold:   118        SH:  0    Dex: 11    Spells: 6/6 levels left

rFire    . . .     SeeInvis .   h - +2 short sword (venom)
rCold    + . .     Gourm    .   (no shield)
rNeg     + + +     Faith    .   b - +0 scale mail
rPois    ∞         Spirit   .   m - +1 helmet
rElec    .         Reflect  .   (no cloak)
rCorr    .         Harm     .   (no gloves)
MR       .....                  (no boots)
Stlth    ..........             (no amulet)
HPRegen  0.00/turn              e - +3 ring of dexterity
MPRegen  0.10/turn              (no ring)

@: about to teleport, rotting
A: rotting body, claws 1, carnivore, cold resistance 1, negative energy
resistance 3, inhibited regeneration, torment resistance, unbreathing
a: no special abilities


You were on level 4 of the Dungeon.
You were not hungry.

You visited 1 branch of the dungeon, and saw 4 of its levels.

You collected 118 gold pieces.

Inventory:

Hand Weapons
 a - a +0 war axe
 h - a +2 short sword of venom (weapon)
Armour
 b - a +0 scale mail (worn)
 m - a +1 helmet (worn)
Jewellery
 e - a +3 ring of dexterity (left claw)
Wands
 q - a wand of clouds (4)
 s - a wand of digging (4)
 u - a wand of flame (19)
 v - a wand of random effects (14)
Scrolls
 i - 4 scrolls of identify
 k - a scroll of enchant armour
 n - a scroll of teleportation
 o - 2 scrolls of fog {unknown}
 p - 6 scrolls of remove curse
 t - a scroll of fear {unknown}
Potions
 d - a potion of might
 g - 2 potions of heal wounds {unknown}
 j - 2 potions of ambrosia {unknown}
 l - a potion of berserk rage {unknown}
 r - a potion of mutation {unknown}
Comestibles
 c - 7 chunks of flesh
 f - 11 rations


   Skills:
 * Level 5.7 Fighting
 * Level 3.9 Axes
 + Level 4.6 Armour
 + Level 2.6 Dodging
   Level 2.6 Shields


You had 6 spell levels left.
You didn't know any spells.
Your spell library was empty.

Dungeon Overview and Level Annotations

Branches:
Dungeon (4/15)
 Temple: D:4-7

Altars:

Annotations:
D:4 Menkaure


Innate Abilities, Weirdness & Mutations

Your body is rotting away.
You thrive on raw meat.
You are immune to poison.
You have sharp fingernails.
You are carnivorous and can eat meat at any time.
Your flesh is cold resistant. (rC+)
You are immune to negative energy. (rN+++)
You do not regenerate when monsters are visible.
You are immune to unholy pain and torment.
You can survive without breathing.


Message History

Menkaure is lightly damaged.
Menkaure hits you!
You hit Menkaure.
Menkaure is moderately damaged.
Menkaure hits you! x2
* * * LOW HITPOINT WARNING * * *
Eat one of 10 chunks of flesh? (ye/n/q)
You eat one of the 10 chunks of flesh.
This raw flesh tastes great!
Menkaure closely misses you.
Eat one of 9 chunks of flesh? (ye/n/q)
You eat one of the 9 chunks of flesh.
This raw flesh tastes great!
Menkaure hits you!!
* * * LOW HITPOINT WARNING * * *
Eat one of 8 chunks of flesh? (ye/n/q)
You eat one of the 8 chunks of flesh.
This raw flesh tastes great!
Menkaure hits you!
* * * LOW HITPOINT WARNING * * *
As you read the scroll of teleportation, it crumbles to dust.
You feel strangely unstable. Menkaure hits you!!
You die...

##. # ... #####.#
###○## ..
.##.#...#.#....☼.
...............☼>
.#.# #.####°# ...
#...@M☼# ##.##
#..##### #...#
#...# #...#####..#
# #.......)..# #...
#..#######.# # ..
#........#...
.#....#.#####.#####
.###..#.......#


You could see Menkaure.

Vanquished Creatures
  Duvessa (D:4)
  Dowan (D:4)
  A hound (D:4)
  3 orc priests
  3 orc wizards
  3 worker ants
  Robin (D:2)
  8 adders
  An adder skeleton (D:4)
  A worm (D:2)
  2 dart slugs
  2 leopard geckos
  11 orcs
  12 bats
  7 giant cockroaches
  14 goblins
  5 hobgoblins
  4 jackals (D:3)
  2 quokkas
  5 ball pythons
  6 frilled lizards
  7 kobolds
  6 rats
106 creatures vanquished.

Notes
Turn   | Place    | Note
-------+----------+-------------------------------------------
     0 | D:1      | Menchi the Ghoul Fighter began the quest for the Orb.
     0 | D:1      | Reached XP level 1. HP: 19/19 MP: 0/0
   112 | D:1      | Reached XP level 2. HP: 25/26 MP: 1/1
   293 | D:1      | Reached XP level 3. HP: 31/33 MP: 2/2
   793 | D:2      | Reached skill level 4 in Fighting
   793 | D:2      | Reached XP level 4. HP: 40/40 MP: 3/3
  1057 | D:2      | Reached skill level 1 in Dodging
  1131 | D:2      | Noticed Robin
  1140 | D:2      | Killed Robin
  1169 | D:2      | Reached XP level 5. HP: 43/46 MP: 4/4
  1875 | D:3      | Reached XP level 6. HP: 49/53 MP: 5/5
  2205 | D:4      | Reached skill level 5 in Fighting
  2223 | D:4      | Noticed Duvessa
  2223 | D:4      | Noticed Dowan
  2240 | D:4      | Killed Duvessa
  2240 | D:4      | Reached XP level 7. HP: 25/61 MP: 6/6
  2241 | D:4      | Killed Dowan
  2354 | D:4      | Noticed Menkaure
  2419 | D:4      | HP: 1/62 [Menkaure (14)]
  2420 | D:4      | Demolished by Menkaure

Skill      XL: |  1  2  3  4  5  6 |
---------------+-------------------+-----
Armour         | 3 4 |  4.6
Axes           | 2 3 |  3.9
Fighting       | 4 5 |  5.7
Dodging        | 1 2 |  2.6
Shields        | |  2.6

Action                   |  1- 3 |  4- 6 |  7- 9 || total
-------------------------+-------+-------+-------++-------
Melee: War axe           |    43 |       |       ||    43
       Short sword       |    43 |   177 |    43 ||   263
       Dagger            |       |     6 |       ||     6
Evoke: Wand              |       |     2 |     1 ||     3
  Use: Scroll            |       |     4 |     1 ||     5
  Eat: Chunk             |     9 |    19 |    14 ||    42
Armor: Scale mail        |    70 |   108 |    22 ||   200
Dodge: Dodged            |    73 |   108 |    14 ||   195
